 Dungeon Crawl Stone Soup version 0.30-a0-728-gc68057be0a (webtiles) character file.

Game seed: 6581926547560700043

408 jimonade the Sneak (level 6, -2/31 HPs)
             Began as a Vine Stalker Brigand on Jan 31, 2023.
             Constricted to death by Pikel (7 damage)
             ... on level 4 of the Dungeon.
             The game lasted 00:06:20 (2588 turns).

jimonade the Sneak (Vine Stalker Brigand)           Turns: 2588, Time: 00:06:20

Health: -2/31      AC:  4    Str: 13    XL:     6   Next: 88%
Magic:  0/16       EV:  9    Int: 11    God:
Gold:   213        SH:  0    Dex: 18    Spells: 5/5 levels left

rFire   + . .      SeeInvis .    a - +1 dagger (venom)
rCold   . . .      Faith    .    (no shield)
rNeg    . . .      Spirit   +    m - +0 leather armour
rPois   .          Reflect  .    (no helmet)
rElec   .          Harm     .    l - scarf {shadows}
rCorr   .          Rampage  .    s - +0 pair of gloves
Will    .....                    (no boots)
Stlth   +++                      (no amulet)
HPRegen 1.05/turn                f - ring of protection from fire
MPRegen 0.15/turn                u - ring of magical power

@: grasped by roots, constricted
A: fangs 2, regeneration 1, magic shield, antimagic bite, no potion heal 2
a: no special abilities


You were on level 4 of the Dungeon.
You visited 1 branch of the dungeon, and saw 4 of its levels.

You collected 213 gold pieces.

Inventory:

Hand Weapons
 a - a +1 dagger of venom (weapon)
 b - a +2 dagger
 d - a +1 sling of draining
 v - a +1 dagger of holy wrath
 C - a +0 dagger of pain
Missiles
 c - 9 poisoned darts (quivered)
 e - 3 curare-tipped darts
 z - 3 boomerangs of dispersal
Armour
 i - a +0 robe
 l - a scarf of shadows (worn)
 m - a +0 leather armour (worn)
 s - a +0 pair of gloves (worn)
 w - a scarf of repulsion
 y - a +0 cloak
Magical Staves
 n - a staff of conjuration
Jewellery
 f - a ring of protection from fire (left hand)
 u - a ring of magical power (right hand)
Wands
 t - a wand of mindburst (9)
Scrolls
 g - 2 scrolls of poison
 h - a scroll of fear
Potions
 j - a potion of magic
 k - a potion of heal wounds {unknown}
 o - a potion of degeneration {unknown}
 p - 3 potions of curing
 q - a potion of brilliance {unknown}
 r - a potion of flight {unknown}
 A - a potion of might {unknown}
 B - a potion of mutation {unknown}


   Skills:
 + Level 2.3 Fighting
 * Level 3.9 Short Blades
 + Level 1.8 Throwing
 + Level 2.1 Armour
 + Level 2.2 Dodging
 + Level 6.5 Stealth


You had 5 spell levels left.
You didn't know any spells.
Your spell library was empty.

Dungeon Overview and Level Annotations

Branches:
Dungeon (4/15)
 Temple: D:4-7

Altars:

Annotations:
D:3 exclusion: downstairs
D:4 Pikel


Innate Abilities, Weirdness & Mutations

You have extremely sharp teeth.
Your natural rate of healing is unusually fast.
When hurt, damage is shared between your health and your magic reserves.
Your bite disrupts and absorbs the magic of your enemies.
Potions cannot restore your health.


Message History

There is a stone staircase leading up here.
Things that are here:
a +1 dagger of venom; a goblin corpse A lemure comes into view.
Pikel shouts!
The lemure shouts!
You hear a shout!
You hit Pikel.
Pikel is poisoned.
Pikel is lightly wounded.
Pikel hits you with a +2 whip of freezing.
Pikel freezes you.
You hit Pikel but do no damage.
Pikel looks even sicker.
You bite Pikel, but do no damage.
Pikel is lightly wounded.
Pikel hits you with a +2 whip of freezing.
Pikel freezes you.
You closely miss Pikel. You bite Pikel, but do no damage.
Pikel is lightly wounded.
You hit Pikel but do no damage.
Pikel looks as sick as possible!
You bite Pikel, but do no damage.
Pikel is lightly wounded.
Pikel barely misses you.
You hit Pikel.
Pikel looks as sick as possible!
Pikel is moderately wounded.
Pikel hits you with a +2 whip of freezing!
Pikel freezes you. The lemure hits you!
You closely miss Pikel. Your bite misses Pikel.
Pikel is moderately wounded.
Pikel zaps a wand.
The roots erupt in riotous growth!
The grasping roots grab you!
The lemure is unaffected. x2; Pikel is unaffected.
The grasping roots constrict you.
* * * LOW HITPOINT WARNING * * *
The lemure closely misses you. x2
You hit Pikel but do no damage.
Pikel is heavily wounded.
Pikel hits you with a +2 whip of freezing.
* * * LOW HITPOINT WARNING * * *
Pikel freezes you.
* * * LOW HITPOINT WARNING * * *
The grasping roots constrict you!
You die...

###########
#..........#
#..........#
#..........#
#..........#
#.<........# !.
#...)......# ..
#..........# ..
#....5@....# ..
##....Y5K....# ..
##.......5....#
.5
...........##...
5K
##..........#..#.
##
...............
#.....[.?.....
#K.....)......
##.....†......


You could see Pikel (extremely poisoned), an ice beast and 3 lemures.

Vanquished Creatures
  Sigmund (D:4)
  A lemure (D:4)
  2 hounds
  A gnoll (D:3)
  7 adders
  3 dart slugs
  4 orcs
  6 ball pythons
  10 endoplasms
  3 giant cockroaches
  14 goblins
  12 hobgoblins
  10 jackals
  5 kobolds
  5 quokkas
  7 bats
  2 frilled lizards
  9 rats
102 creatures vanquished.

Notes
Turn   | Place    | Note
-------+----------+-------------------------------------------
     0 | D:1      | jimonade the Vine Stalker Brigand began the quest for the
                  | Orb.
     0 | D:1      | Reached XP level 1. HP: 11/11 MP: 2/2
    65 | D:1      | Reached skill level 5 in Stealth
    69 | D:1      | Reached XP level 2. HP: 15/15 MP: 3/3
   414 | D:1      | Reached XP level 3. HP: 18/18 MP: 4/4
   577 | D:1      | You fall into a shaft and drop 1 floor!
   677 | D:2      | Reached skill level 6 in Stealth
   773 | D:2      | Reached skill level 1 in Dodging
   876 | D:2      | Gained mutation: Your natural rate of healing is unusually
                  | fast. [Vine Stalker growth]
   876 | D:2      | Reached XP level 4. HP: 22/23 MP: 3/5
  1523 | D:3      | Reached XP level 5. HP: 26/26 MP: 6/6
  1673 | D:3      | Reached skill level 1 in Armour
  1966 | D:3      | Found a faded altar of an unknown god.
  2266 | D:4      | Noticed Pikel
  2266 | D:4      | Noticed a lemure
  2266 | D:4      | Noticed a lemure
  2266 | D:4      | Noticed an ice beast
  2302 | D:4      | Noticed Sigmund
  2471 | D:4      | Reached XP level 6. HP: 16/30 MP: 7/7
  2472 | D:4      | Killed Sigmund
  2588 | D:4      | Constricted to death by Pikel

Illustrated notes

Levels and vault maps discovered:
D:1:      dpeg_arrival_simpleton_a, layout_basic, minmay_misc_feat_rows,
          minmay_tripent
D:2:      cheibrodos_greedy_goblins, layout_rooms, minmay_cupped
D:3:      minmay_chambers_of_threes, layout_basic,
          hellmonk_ecumenical_altar_heavens_door, chequers_serial_rivers_room_b,
          minivault_14
D:4:      layout_rooms, uniq_sigmund, uniq_pikel

Skill      XL: |  1  2  3  4  5  6 |
---------------+-------------------+-----
Short Blades   | 2 3 |  3.9
Stealth        | 5 6 |  6.5
Fighting       | 2 |  2.3
Dodging        | 1 2 |  2.2
Armour         | 1 2 |  2.1
Throwing       | |  1.8

Action                     |  1- 3 |  4- 6 || total
---------------------------+-------+-------++-------
  Melee: Dagger            |    99 |   186 ||   285
         Bite              |    27 |    54 ||    81
         Punch             |     1 |     4 ||     5
    Use: Scroll            |       |     5 ||     5
   Stab: Sleeping          |    17 |     6 ||    23
 Armour: Robe              |     4 |       ||     4
         Leather armour    |    12 |    62 ||    74
  Dodge: Dodged            |    40 |   129 ||   169

Table legend: (Time is in decaauts)
 A = Elapsed time spent in this place.
 B = Non-inter-level travel time spent in this place.
 C = Inter-level travel time spent in this place.
 D = Time resting spent in this place.
 E = Time spent auto-exploring this place.
 F = Levels seen in this place.
 G = Mean time per level.
                   A        B        C        D        E       F      G
               +--------+--------+--------+--------+--------+-----+--------+
         Total |   2554 |   2407 |    147 |    311 |   1454 |   4 |  638.5 |
       Dungeon |   2554 |   2407 |    147 |    311 |   1454 |   4 |  638.5 |
               +--------+--------+--------+--------+--------+-----+--------+

Top non-repeatable levels by time:
     D:3: 1026 daAuts
     D:2: 872 daAuts
     D:1: 572 daAuts
     D:4: 83 daAuts
